 Seeded DCSS version 0.29-a0-25-g7f48f510a0 (webtiles) character file.

Game seed: 10000000000011 (custom seed)

88 knot the Chopper (level 4, -8/35 HPs)
             Began as a Demonspawn Berserker on Jan 31, 2022.
             Was a Believer of Trog.
             Mangled by an ogre (22 damage)
             ... on level 3 of the Dungeon.
             The game lasted 00:01:34 (2739 turns).

knot the Chopper (Demonspawn Berserker)             Turns: 2739, Time: 00:01:35

Health: -8/35      AC:  2    Str: 17    XL:     4   Next: 30%
Magic:  4/4        EV: 12    Int: 11    God:    Trog [**....]
Gold:   82         SH:  0    Dex: 12    Spells: 3/3 levels left

rFire   . . .      SeeInvis .   a - +0 hand axe
rCold   . . .      Faith    .   (no shield)
rNeg    . . .      Spirit   .   b - +0 animal skin
rPois   .          Reflect  .   (no helmet)
rElec   .          Harm     .   (no cloak)
rCorr   .          Rampage  .   (no gloves)
Will    .....                   (no boots)
Stlth   +.........              (no amulet)
HPRegen 0.11/turn               (no ring)
MPRegen 0.18/turn               (no ring)

@: no status effects
A: magic regeneration, demonic touch 1
a: Renounce Religion, Berserk, Trog's Hand


You were on level 3 of the Dungeon.
You worshipped Trog.
Trog was pleased with you.
You visited 1 branch of the dungeon, and saw 3 of its levels.

You collected 82 gold pieces.

Inventory:

Hand Weapons
 a - a +0 hand axe (weapon)
Missiles
 f - 28 stones (quivered)
 j - 2 poisoned darts
Armour
 b - a +0 animal skin (worn)
Jewellery
 d - an amulet of reflection
Scrolls
 c - a scroll of amnesia {unknown}
 k - a scroll of identify {unknown}
 m - a scroll of blinking {unknown}
Potions
 e - a potion of curing {unknown}
 g - a potion of lignification {unknown}
 h - a potion of magic {unknown}
 i - a potion of might {unknown}
 l - a potion of heal wounds {unknown}


   Skills:
 - Level 3.3 Fighting
 * Level 3.5 Axes
 * Level 1.5 Throwing
 - Level 2.2 Armour
 - Level 2.2 Dodging


You had 3 spell levels left.
You didn't know any spells.
Your spell library contained the following spells:

 Spells                   Type           Power      Damage    Failure   Level
 Corpse Rot               Necr/Air       0%         N/A       47%         2
 Poisonous Vapours        Pois/Air       0%         N/A       47%         2


Dungeon Overview and Level Annotations

Branches:
Dungeon (3/15)

Altars:


Innate Abilities, Weirdness & Mutations

You regenerate magic rapidly.
Your touch may inflict minor irresistible damage on your foes.


Message History

Trog accepts your kill.
No target in view!
No target in view!
No target in view!
HP restored.
f - 28 stones (gained 5)
You see here a +0 whip.
Found an escape hatch in the floor.
An adder comes into view.
There is an escape hatch in the floor here.
An adder is nearby!
Found an escape hatch in the ceiling.
You see here 11 gold pieces.
The helpless adder fails to defend itself.
You hit the adder.
You touch the adder.
The adder is almost dead.
The adder closely misses you. x2
You slash the adder!
You kill the adder!
Trog accepts your kill.
No target in view!
No target in view!
No target in view!
You now have 82 gold pieces (gained 11).
An ogre comes into view. It is wielding a +0 giant spiked club.
The ogre shouts!
An ogre is nearby!
No target in view!
You closely miss the ogre.
A frilled lizard comes into view.
The ogre closely misses you.
You fail to use your ability.
The frilled lizard hisses angrily.
The ogre hits you with a +0 giant spiked club!!
Ouch! That really hurt!
You hit the ogre.
You touch the ogre.
The ogre is moderately wounded.
The ogre hits you with a +0 giant spiked club!!
Ouch! That really hurt!
You die...

...............
.....#.....#
.......###.# . .#.....#
#.# ##..
.......###.####### #....
)........>.......#...l..
.#.....###.#.#####.#....
.#...........<...O......
.+..............@.......
#############..........#
#####......# .......
....... .##.#.# .. .# #
.# #


You could see an ogre and a frilled lizard.

Vanquished Creatures
  4 adders
  4 endoplasms
  A giant cockroach (D:1)
  3 goblins
  4 hobgoblins
  14 jackals
  A ball python (D:2)
  5 bats (D:2)
  4 frilled lizards
  3 kobolds
  5 rats
48 creatures vanquished.

Notes
Turn   | Place    | Note
-------+----------+-------------------------------------------
     0 | D:1      | knot the Demonspawn Berserker began the quest for the Orb.
     0 | D:1      | Reached XP level 1. HP: 18/18 MP: 1/1
    90 | D:1      | Gained mutation: You regenerate magic rapidly. [demonic
                  | ancestry]
    90 | D:1      | Reached XP level 2. HP: 14/24 MP: 2/2
  1325 | D:2      | Gained mutation: Your touch may inflict minor irresistible
                  | damage on your foes. [demonic ancestry]
  1325 | D:2      | Reached XP level 3. HP: 17/29 MP: 3/3
  1557 | D:2      | Reached ** piety under Trog
  1945 | D:2      | Reached skill level 1 in Throwing
  2176 | D:2      | Reached XP level 4. HP: 21/35 MP: 4/4
  2733 | D:3      | Noticed an ogre
  2739 | D:3      | Mangled by an ogre

Illustrated notes

Levels and vault maps discovered:
D:1:      lordsloth_arrival_two_stooges, layout_basic, grunt_decor_fettered,
          minmay_misc_feat_diagonals, nicolae_concentric_dashed_squares_wild
D:2:      layout_rooms, hangedman_decor_clover_reticule
D:3:      layout_basic, serial_shops, shop, kennysheep_path_1

Skill      XL: |  1  2  3 |
---------------+----------+-----
Armour         | 2 |  2.2
Dodging        | 2 |  2.2
Axes           | 3 |  3.5
Throwing       | 1 |  1.5
Fighting       | |  3.3

Action                   |  1- 3 |  4- 6 || total
-------------------------+-------+-------++-------
Melee: Hand axe          |    90 |    12 ||   102
       Touch             |     6 |     3 ||     9
Invok: Berserk           |     4 |       ||     4
 Stab: Sleeping          |       |     1 ||     1
Armor: Animal skin       |    20 |       ||    20
Dodge: Dodged            |    95 |     6 ||   101

Table legend: (Time is in decaauts)
 A = Elapsed time spent in this place.
 B = Non-inter-level travel time spent in this place.
 C = Inter-level travel time spent in this place.
 D = Time resting spent in this place.
 E = Time spent auto-exploring this place.
 F = Levels seen in this place.
 G = Mean time per level.
                   A        B        C        D        E       F      G
               +--------+--------+--------+--------+--------+-----+--------+
         Total |   2792 |   2753 |     39 |   1149 |   1335 |   3 |  930.7 |
       Dungeon |   2792 |   2753 |     39 |   1149 |   1335 |   3 |  930.7 |
               +--------+--------+--------+--------+--------+-----+--------+

Top non-repeatable levels by time:
     D:1: 1346 daAuts
     D:2: 1339 daAuts
     D:3: 106 daAuts
